 Dungeon Crawl Stone Soup version 0.26.0-18-gc5c842f807 (webtiles) character file.

Game seed: 6258340109983221239

106 iamoutofideas the Chiller (level 4, -6/45 HPs)
             Began as a Demonspawn Ice Elementalist on Jan 23, 2021.
             Mangled by a gnoll
             ... wielding a +0 halberd
              (9 damage)
             ... on level 2 of the Dungeon.
             The game lasted 00:04:14 (2834 turns).

iamoutofideas the Chiller (DsIE)                    Turns: 2834, Time: 00:04:15

Health: -6/45      AC:  2    Str:  8    XL:     4   Next: 55%
Magic:  5/8        EV: 12    Int: 18    God:
Gold:   29         SH:  0    Dex: 13    Spells: 2/9 levels left

rFire    . . .     SeeInvis .   e - +0 short sword
rCold    . . .     Faith    .   (no shield)
rNeg     . . .     Spirit   .   a - +0 robe
rPois    .         Reflect  .   (no helmet)
rElec    .         Harm     .   (no cloak)
rCorr    .         Rampage  .   (no gloves)
Will     .....                  (no boots)
Stlth    ..........             (no amulet)
HPRegen  0.15/turn              i - +4 ring of slaying
MPRegen  0.11/turn              n - ring of wizardry

@: berserking, very quick
A: powered by death 1
a: no special abilities


You were on level 2 of the Dungeon.
You visited 1 branch of the dungeon, and saw 2 of its levels.

You collected 29 gold pieces.

Inventory:

Hand Weapons
 e - a +0 short sword (weapon)
Armour
 a - a +0 robe (worn)
Jewellery
 h - an uncursed amulet of faith
 i - a +4 ring of slaying (left hand)
 j - an uncursed ring of willpower
 n - a ring of wizardry (right hand)
Scrolls
 d - a scroll of identify {unknown}
 f - 4 scrolls of remove curse
 m - a scroll of teleportation
 p - a scroll of random uselessness {unknown}
Potions
 b - a potion of might {unknown}
 c - a potion of mutation {unknown}
 g - a potion of ambrosia {unknown}
 k - a potion of lignification {unknown}
 l - a potion of brilliance {unknown}
 o - a potion of berserk rage
 q - a potion of haste {unknown}


   Skills:
 + Level 1.9 Dodging
 - Level 1.9 Stealth
 - Level 0.1 Unarmed Combat
 + Level 3.2 Spellcasting
 + Level 4.6 Ice Magic


You had 2 spell levels left.
You knew the following spells:

 Your Spells              Type           Power        Failure   Level
a - Freeze                Ice            76%          1%          1
b - Frozen Ramparts       Ice            38%          2%          3
c - Ozocubu's Armour      Ice            19%          2%          3

Your spell library contained the following spells:

 Spells                   Type           Power        Failure   Level
 Hailstorm                Conj/Ice       11%          24%         4
 Summon Ice Beast         Ice/Summ       11%          24%         4


Dungeon Overview and Level Annotations

Branches:
Dungeon (2/15)

Altars:
Makhleb

Annotations:
D:1 exclusion: 2 downstairs


Innate Abilities, Weirdness & Mutations

You regenerate a little health from kills.


Message History

Aim: a gnoll, wielding a +0 halberd and quivering 2 boomerangs of dispersal (heavily wounded)
Okay, then.
Press: ? - help, v - describe, . - travel
Here: a gnoll, wielding a +0 halberd and quivering 2 boomerangs of dispersal (heavily wounded)
The floor.
Okay, then.
You aren't carrying any items that you can evoke.
Unknown command.
It was a potion of berserk rage.
A red film seems to cover your vision as you go berserk!
You feel yourself moving faster!
You feel mighty! The gnoll closely misses you.
You closely miss the gnoll.
The gnoll is heavily wounded.
The gnoll misses you.
You closely miss the gnoll.
The gnoll is heavily wounded.
You hit the gnoll.
The gnoll is almost dead.
The gnoll hits you with a +0 halberd!
You die...

...........# ######.#.........##
...#...##### #..............###
.....#..# ####..........#####
...###..####....##......### ...#
#<.#....##.#..###.)(.#
.#.###.....###########'##.##
...........#............#.(##
...##.....##............##<.#####
.........###....@g......###((....
...........#............# ######.
..#####....#............# #.
(........###.....#).....# #.
.######....#............# #.
.###......##............# #.
.....##..###............# #.
...####..###............ ## ...##
#...## #


You could see a gnoll.

Vanquished Creatures
  3 gnolls (D:2)
  2 adders (D:2)
  An ooze (D:1)
  A worm (D:2)
  2 dart slugs (D:1)
  3 leopard geckos (D:1)
  A ball python (D:2)
  4 giant cockroaches
  3 goblins
  6 hobgoblins
  2 jackals (D:2)
  2 bats
  4 frilled lizards
  8 kobolds
  6 rats
48 creatures vanquished.

Notes
Turn   | Place    | Note
-------+----------+-------------------------------------------
     0 | D:1      | iamoutofideas the Demonspawn Ice Elementalist began the
                  | quest for the Orb.
     0 | D:1      | Reached XP level 1. HP: 13/13 MP: 3/3
   359 | D:1      | Gained mutation: You regenerate a little health from kills.
                  | [demonic ancestry]
   359 | D:1      | Reached XP level 2. HP: 4/19 MP: 0/5
   643 | D:1      | Reached skill level 4 in Ice Magic
  1085 | D:1      | Reached XP level 3. HP: 20/24 MP: 1/6
  1314 | D:1      | Learned a level 3 spell: Frozen Ramparts
  1995 | D:2      | Reached XP level 4. HP: 26/30 MP: 4/8
  2474 | D:2      | Learned a level 3 spell: Ozocubu's Armour
  2681 | D:2      | Found a burning altar of Makhleb.
  2830 | D:2      | HP: 1/30 [gnoll/+0 halberd (16)]
  2834 | D:2      | Mangled by a gnoll

Illustrated notes

Levels and vault maps discovered:
D:1:      eino_arrival_water_star, layout_loops_ring
D:2:      layout_rooms, nicolae_overflow_hidden_temple, minmay_door_square,
          kennysheep_small_spiral

Skill      XL: |  1  2  3  4 |
---------------+-------------+-----
Ice Magic      | 4 |  4.6
Spellcasting   | 3 |  3.2
Dodging        | |  1.9
Stealth        | |  1.9
Unarmed Combat | |  0.1

Action                   |  1- 3 |  4- 6 || total
-------------------------+-------+-------++-------
Melee: Unarmed           |    23 |       ||    23
       Short sword       |    22 |     7 ||    29
 Cast: Freeze            |    43 |    20 ||    63
       Frozen Ramparts   |     2 |     3 ||     5
  Use: Scroll            |     2 |       ||     2
       Potion            |       |     1 ||     1
 Stab: Sleeping          |     3 |       ||     3
Armor: Robe              |    12 |     2 ||    14
Dodge: Dodged            |    52 |    16 ||    68
